 Dungeon Crawl Stone Soup version 0.25.0-45-g978344163c (webtiles) character file.

Game seed: 724255274235471348

804 funkygono the Firebug (level 7, -4/36 HPs)
             Began as a Deep Elf Fire Elementalist on July 12, 2020.
             Was an Initiate of Vehumet.
             Slain by a centaur zombie (8 damage)
             ... on level 6 of the Dungeon.
             The game lasted 00:12:44 (5913 turns).

funkygono the Firebug (Deep Elf Fire Elementalist)  Turns: 5913, Time: 00:12:44

Health: -4/36      AC:  5    Str:  7    XL:     7   Next: 60%
Magic:  6/15       EV: 13    Int: 20    God:    Vehumet [......]
Gold:   279        SH:  0    Dex: 15    Spells: 4/14 levels left

rFire    . . .     SeeInvis .   r - staff of conjuration
rCold    . . .     Gourm    .   (no shield)
rNeg     . . .     Faith    +   a - +0 robe
rPois    .         Spirit   .   (no helmet)
rElec    .         Reflect  .   b - +1 cloak
rCorr    .         Harm     .   g - +0 pair of gloves
MR       .....                  (no boots)
Stlth    ++........             l - amulet of faith (curse)
HPRegen  0.12/turn              (no ring)
MPRegen  0.14/turn              (no ring)

@: no status effects
A: no striking features
a: Renounce Religion


You were on level 6 of the Dungeon.
You worshipped Vehumet.
Vehumet was noncommittal.
You were hungry.

You visited 2 branches of the dungeon, and saw 7 of its levels.

You collected 279 gold pieces.

Inventory:

Hand Weapons
 e - a +5 dagger
Armour
 a - a +0 robe (worn)
 b - a +1 cloak (worn)
 g - a +0 pair of gloves (worn)
 q - a +0 buckler
Magical Staves
 r - an uncursed staff of conjuration (weapon)
Jewellery
 l - a cursed amulet of faith (around neck)
Wands
 d - a wand of paralysis (10)
 m - a wand of flame (17)
Scrolls
 f - a scroll of teleportation
 i - a scroll of identify
 v - 3 scrolls of remove curse
 w - a scroll of magic mapping
Potions
 h - a potion of mutation {unknown}
 j - 2 potions of haste
 k - a potion of might {unknown}
 n - a potion of heal wounds {unknown}
 p - 2 potions of curing {unknown}
 u - a potion of brilliance {unknown}
Comestibles
 c - 6 rations


   Skills:
 + Level 1.5 Staves
 - Level 2.4 Dodging
 - Level 2.4 Stealth
 + Level 4.4 Spellcasting
 * Level 5.2 Conjurations
 * Level 7.6 Fire Magic


You had 4 spell levels left.
You knew the following spells:

 Your Spells              Type           Power        Failure   Level  Hunger
a - Foxfire               Conj/Fire      ####         1%          1    None
b - Sticky Flame          Conj/Fire      #####...     9%          4    ####...
c - Fireball              Conj/Fire      #####.....   24%         5    ######.

Your spell library contained the following spells:

 Spells                   Type           Power        Failure   Level  Hunger
 Conjure Flame            Conj/Fire      #####...     2%          3    ###....
 Inner Flame              Hex/Fire       ###.....     8%          3    ###....


Dungeon Overview and Level Annotations

Branches:
Dungeon (6/15)             Temple (1/1) D:4

Altars:
Dithmenos
Fedhas
Gozag
Hepliaklqana
Kikubaaqudgha
Makhleb
Okawaru
Qazlal
Ru
Vehumet
Wu Jian
Xom
Yredelemnul
The Shining One


Message History

The centaur zombie hits you.
* * * LOW HITPOINT WARNING * * *
The centaur zombie closely misses you.
The foxfire hits the centaur zombie.
The centaur zombie is lightly damaged.
The foxfire hits the centaur zombie!
The centaur zombie is heavily damaged.
The centaur zombie completely misses you.
Casting: Foxfire (safe; 1% risk of failure)
Confirm with . or Enter, or press ? or * to list all spells.
You feel a surge of power!
You conjure some foxfire!
The centaur zombie hits you.
* * * LOW HITPOINT WARNING * * *
The centaur zombie barely misses you.
The foxfire hits the centaur zombie.
The centaur zombie is severely damaged.
The centaur zombie closely misses you.
A hound comes into view.
The centaur zombie hits you!
You die...

#.# .# #.#######J# ##.## .# #.#
#.# ##...# ####.# #.# #Z# #....
..##.##### ##.## #.# #....
#>#..#...###...######.# #)#.#
#.#.#........#v)......#
#.#.######.#........#...########
#.#....<............##.##
........##......@Z..##.#
#.####.......#.....###.# #.#
##.).).(.....## #.# #.#
#.[#.)...#..# #.# #.#
#.###...###.# #.#
#.#####..#.....#..# #.#
#..........#.h...## #.#
.########....#..## #.#
.............#...#####.#


You could see a hound (wandering) and a centaur zombie.

Vanquished Creatures
  Edmund (D:6)
  A phantom (D:5)
  A sky beast (D:6)
  A bullfrog (D:6)
  A scorpion (D:4)
  3 wights (D:6)
  A jelly (D:6)
  An orc priest (D:5)
  Natasha (D:2)
  2 iguanas
  A worker ant (D:5)
  4 adders
  2 worms
  3 dart slugs
  2 leopard geckos
  4 orcs (D:5)
  5 bats
  3 giant cockroaches
  7 goblins
  A hobgoblin (D:3)
  3 jackals (D:4)
  2 quokkas
  A ball python (D:3)
  2 frilled lizards
  3 kobolds
  A quokka zombie (D:6)
  6 rats
63 creatures vanquished.

Vanquished Creatures (collateral kills)
  2 frilled lizards (D:1)
2 creatures vanquished.

Vanquished Creatures (others)
  221 foxfires
221 creatures vanquished.

Grand Total: 286 creatures vanquished

Notes
Turn   | Place    | Note
-------+----------+-------------------------------------------
     0 | D:1      | funkygono the Deep Elf Fire Elementalist began the quest
                  | for the Orb.
     0 | D:1      | Reached XP level 1. HP: 10/10 MP: 6/6
   318 | D:1      | Reached XP level 2. HP: 15/15 MP: 5/8
   428 | D:1      | Reached skill level 4 in Fire Magic
   635 | D:2      | Found an iron altar of Okawaru.
   821 | D:2      | Reached XP level 3. HP: 19/19 MP: 6/9
  1082 | D:2      | Noticed Natasha
  1091 | D:2      | Killed Natasha
  1682 | D:2      | Reached skill level 5 in Fire Magic
  1700 | D:2      | Reached XP level 4. HP: 12/24 MP: 5/10
  1715 | D:2      | Learned a level 4 spell: Sticky Flame
  2657 | D:3      | Found an opulent altar of Gozag.
  2662 | D:3      | Found a basalt altar of Yredelemnul.
  2662 | D:3      | Found an ancient bone altar of Kikubaaqudgha.
  2668 | D:3      | Found a hazy altar of Hepliaklqana.
  2718 | D:3      | You fall into a shaft and drop 1 floor!
  3239 | D:4      | Reached XP level 5. HP: 11/28 MP: 3/11
  3504 | D:4      | Found a staircase to the Ecumenical Temple.
  3512 | Temple   | Entered the Ecumenical Temple
  3559 | Temple   | Became a worshipper of Vehumet
  4356 | D:4      | Learned a level 5 spell: Fireball
  4404 | D:5      | Entered Level 5 of the Dungeon
  4408 | D:5      | Reached skill level 6 in Fire Magic
  4975 | D:5      | Noticed a phantom
  4985 | D:5      | Killed a phantom
  4985 | D:5      | Reached XP level 6. HP: 32/32 MP: 7/12
  5439 | D:6      | Noticed a sky beast
  5451 | D:6      | Killed a sky beast
  5500 | D:6      | Reached skill level 1 in Staves
  5511 | D:6      | Reached skill level 7 in Fire Magic
  5511 | D:6      | Reached XP level 7. HP: 13/36 MP: 6/14
  5842 | D:6      | Noticed Edmund
  5899 | D:6      | Killed Edmund
  5899 | D:6      | Reached skill level 5 in Conjurations
  5913 | D:6      | Slain by a centaur zombie

Illustrated notes

Levels and vault maps discovered:
D:1:      saegor_arrival_simple_d, layout_loops_cross
D:2:      layout_basic, okawaru_ov_weapons_minmay,
          chequers_serial_rivers_micro_d, uniq_natasha
D:3:      cheibrodos_greedy_goblins, layout_basic, grunt_temple_overflow_open,
          first_ration
D:4:      layout_basic, temple_statues
D:5:      layout_cave_pods
D:6:      layout_loops_ring, nemelex_xobeh_ov_fountains_minmay, enter_ossuary_4,
          minmay_strange_pillars, uniq_grinder, uniq_edmund
Temple:   compressed_dpeg_triangle_lava_temple

Skill      XL: |  1  2  3  4  5  6  7 |
---------------+----------------------+-----
Fire Magic     | 4 5 6 7 |  7.6
Conjurations   | 2 3 4 5 |  5.2
Staves         | 1 |  1.5
Spellcasting   | 4 |  4.4
Dodging        | |  2.4
Stealth        | |  2.4

Action                   |  1- 3 |  4- 6 |  7- 9 || total
-------------------------+-------+-------+-------++-------
Melee: Mace              |     4 |     1 |       ||     5
       Staff             |       |    93 |     1 ||    94
 Cast: Foxfire           |    41 |    70 |    29 ||   140
  Use: Scroll            |     3 |     9 |       ||    12
  Eat: Chunk             |     2 |     4 |     2 ||     8
       Ration            |       |     2 |       ||     2
Armor: Robe              |     1 |    37 |     1 ||    39
Dodge: Dodged            |     9 |    98 |    19 ||   126
